 Dungeon Crawl Stone Soup version 0.30.1-11-g7821555f0a (webtiles) character file.

Game seed: 12611497835451202862

286 ChrisAssaf the Trooper (level 6, -11/52 HPs)
             Began as a Draconian Chaos Knight on Dec 26, 2023.
             Was a Plaything of Xom.
             Mangled by an iguana (13 damage)
             ... on level 4 of the Dungeon.
             The game lasted 00:09:46 (3286 turns).

ChrisAssaf the Trooper (Draconian Chaos Knight)     Turns: 3286, Time: 00:09:46

Health: -11/52     AC:  6    Str: 16    XL:     6   Next: 8%
Magic:  7/7        EV: 12    Int: 21    God:    Xom [...*..]
Gold:   340        SH:  5    Dex: 10    Spells: 4/7 levels left

rFire   . . .        j - +10 trident of the Whale {heavy, Fragile rPois rN+ Int+8}
rCold   . . .        (no shield)
rNeg    + . .        (body armour unavailable)
rPois   +            (helmet restricted)
rElec   .            (no cloak)
rCorr   .            (no gloves)
SInv    .            (no boots)
Will    .....        k - amulet of reflection
Stlth   +            (no ring)
HPRegen 0.28/turn    (no ring)
MPRegen 0.10/turn

%: reflection, clarity
@: no status effects
A: AC +6, unfitting armour, cold-blooded, clarity
a: Renounce Religion


You were on level 4 of the Dungeon.
You worshipped Xom.
You were a favourite toy of Xom.
You visited 1 branch of the dungeon, and saw 4 of its levels.

You collected 340 gold pieces.

Inventory:

Hand Weapons
 a - a +0 falchion of chaos
 e - a +0 sling of freezing
 j - the +10 trident of the Whale (weapon) {heavy, Fragile rPois rN+ Int+8}
   (You found it on level 2 of the Dungeon)

   Int:       It affects your intelligence (+8).
   rPois:     It protects you from poison.
   rN:        It protects you from negative energy.
   Fragile:   It will be destroyed if unequipped.
Jewellery
 k - an amulet of reflection (around neck)
Scrolls
 h - a scroll of immolation
 i - a scroll of enchant armour
 o - 2 scrolls of magic mapping
 p - a scroll of poison
Potions
 c - 2 potions of heal wounds {unknown}
 d - a potion of cancellation {unknown}
 f - 3 potions of haste
 g - a potion of flight {unknown}
 l - 3 potions of degeneration
 m - a potion of invisibility {unknown}
 n - a potion of lignification {unknown}
Miscellaneous
 b - a piece from Xom's chessboard (12/15)


   Skills:
 * Level 4.2 Fighting
 * Level 1.2(2.6) Short Blades
 * Level 3.6(3.7) Long Blades
 * Level 1.9 Polearms
 * Level 1.3 Ranged Weapons
 * Level 1.1 Throwing
 * Level 2.6 Dodging
 * Level 1.3 Stealth
 + Level 0.3 Shields
 * Level 1.0 Spellcasting
 * Level 0.5 Translocations
 * Level 0.5 Fire Magic
 * Level 1.2 Evocations


You had 4 spell levels left.
You knew the following spells:

 Your Spells              Type           Power      Damage    Failure   Level
a - Volatile Blastmotes   Fire/Tloc      6%         2d10      36%         3

Your spell library contained the following spells:

 Spells                   Type           Power      Damage    Failure   Level
 Dazzling Flash           Conj/Hex       2%         N/A       43%         3
 Iskenderun's Mystic Bla  Conj/Tloc      2%         2d3       82%         4
 Starburst                Conj/Fire      1%         6d3       100%        6


Dungeon Overview and Level Annotations

Branches:
Dungeon (4/15)
 Temple: D:4-7

Altars:
Elyvilon
Fedhas
Hepliaklqana
Makhleb
Ru
Sif Muna
Trog

Shops:
D:1 [


Innate Abilities, Weirdness & Mutations

Your plain brown scales are hard. (AC +6)
You cannot fit into any form of body armour.
You are cold-blooded and may be slowed by cold attacks.
You possess an exceptional clarity of mind.


Message History

You are now a favourite toy of Xom.
You closely miss the iguana.
You tail-slap the iguana, but do no damage.
You block the iguana's attack. The iguana bites you!
You puncture the iguana!
The iguana is almost dead.
The iguana barely misses you. The iguana bites you.
You hit the iguana but do no damage.
Your tail-slap misses the iguana.
The iguana is almost dead.
The iguana bites you but does no damage.
The iguana bites you!
You closely miss the iguana.
You tail-slap the iguana, but do no damage.
Your punch misses the iguana.
The iguana is almost dead.
The iguana bites you!
The iguana bites you but does no damage.
You make a move on Xom's chessboard...
The iguana resists with significant effort.
The iguana bites you!
* * * LOW HITPOINT WARNING * * *
You make a move on Xom's chessboard...
The iguana seems to grow stronger.
You block the iguana's attack.
Unknown command.
Welcome back, ChrisAssaf the Draconian Chaos Knight.
Xom snickers.
Press ? for a list of commands and other information.
You barely miss the iguana.
The iguana is almost dead.
The iguana misses you.
You barely miss the iguana.
The iguana is almost dead.
The iguana bites you!
* * * LOW HITPOINT WARNING * * *
You block the iguana's attack.
Unknown command.
You make a move on Xom's chessboard...
The iguana is outlined in light.
The iguana bites you!
You die...
Xom laughs nastily!

## ###.# #...#
####### #.#.#
#......
#.#.#########......
#.#................
#.>................
#.l####.####.......
#.@..<#.# #.......
#.##..#.# #...###+
#.......# #...#
####....# ##..#
####.....#.# ##.+
#>...#####.# ###
#.#..#####.#
#.#........######
#....####........


You could see an iguana (strong, corona).

Vanquished Creatures
  An orc priest (D:3)
  2 hounds (D:4)
  An iguana (D:4)
  3 orc wizards (D:3)
  2 adders
  A worm (D:3)
  A dart slug (D:3)
  8 orcs
  6 ball pythons
  2 endoplasms
  5 giant cockroaches
  9 goblins
  11 hobgoblins
  2 jackals (D:4)
  3 quokkas
  4 bats
  A frilled lizard (D:2)
  4 kobolds
  5 rats
71 creatures vanquished.

Vanquished Creatures (collateral kills)
  A frilled lizard (D:1)
1 creature vanquished.

Grand Total: 72 creatures vanquished

Notes
Turn   | Place    | Note
-------+----------+-------------------------------------------
     0 | D:1      | ChrisAssaf the Draconian Chaos Knight began the quest for
                  | the Orb.
     0 | D:1      | Reached XP level 1. HP: 19/19 MP: 1/1
   121 | D:1      | XOM: cast spell 'Summon Small Mammal'
   257 | D:1      | Found Bipa's Armour Shoppe.
   271 | D:1      | Reached XP level 2. HP: 23/26 MP: 2/2
   326 | D:1      | XOM: cloud trail
   523 | D:1      | XOM: silly message
   999 | D:2      | XOM: silly message
  1172 | D:2      | XOM: god gift: 37 gold pieces
  1214 | D:2      | Identified the +10 trident of the Whale {heavy, Fragile
                  | rPois rN+ Int+8}
  1535 | D:3      | Reached XP level 3. HP: 31/33 MP: 3/3
  1559 | D:3      | Found a bloodstained altar of Trog.
  1597 | D:3      | XOM is BORED!
  1597 | D:3      | XOM: 1-stop teleportation journey
  1717 | D:3      | XOM: chaos upgrade
  1839 | D:3      | Reached skill level 4 in Fighting
  1839 | D:3      | Reached skill level 1 in Stealth
  1839 | D:3      | Reached XP level 4. HP: 37/40 MP: 4/4
  1845 | D:3      | Reached skill level 1 in Short Blades
  1847 | D:3      | Reached skill level 1 in Polearms
  1984 | D:3      | Learned a level 3 spell: Volatile Blastmotes
  1986 | D:3      | XOM: 1-stop teleportation journey
  1995 | D:3      | Reached skill level 1 in Evocations
  2015 | D:3      | Found a faded altar of an unknown god.
  2073 | D:3      | Reached XP level 5. HP: 38/46 MP: 6/6
  2075 | D:3      | Reached skill level 1 in Throwing
  2107 | D:3      | Found a white marble altar of Elyvilon.
  2142 | D:3      | Reached skill level 1 in Ranged Weapons
  2258 | D:3      | XOM: silly message
  2526 | D:3      | XOM: silly message
  2905 | D:4      | Found a blossoming altar of Fedhas.
  2975 | D:4      | XOM: 1-stop teleportation journey
  3012 | D:4      | Found a sacrificial altar of Ru.
  3031 | D:4      | Reached skill level 1 in Spellcasting
  3031 | D:4      | Reached XP level 6. HP: 45/52 MP: 7/7
  3097 | D:4      | XOM: silly message
  3163 | D:4      | XOM: give mutation
  3163 | D:4      | Gained mutation: You possess an exceptional clarity of
                  | mind. [Xom's mischief]
  3164 | D:4      | Found a shimmering blue altar of Sif Muna.
  3177 | D:4      | Found a burning altar of Makhleb.
  3207 | D:4      | Found a hazy altar of Hepliaklqana.
  3276 | D:4      | XOM: silly message
  3285 | D:4      | HP: 2/52 [iguana (15)]
  3286 | D:4      | Mangled by an iguana

Illustrated notes

Levels and vault maps discovered:
D:1:      minmay_arrival_stair_chambers, layout_loops_ring, serial_shops,
          nicolae_shop_stone, serial_bayou, serial_bayou_lake_a,
          serial_bayou_pond_e, serial_bayou_ford_a, serial_bayou_shore_a,
          serial_bayou_crossing
D:2:      layout_loops_cross
D:3:      cheibrodos_greedy_goblins, layout_basic,
          nicolae_elyvilon_peaceful_grove, lemuel_crystal_altar,
          chequers_ecumenical_altar_island, dk_vineyard_2, grunt_decor_clamped
D:4:      layout_basic, mainiacjoe_overflow_small_starburst,
          hangedman_ru_absence, lemuel_doored_altar, nicolae_overflow_squiral,
          minmay_temple_entry_glassed_door, chequers_serial_rivers_small_3

Skill      XL: |  1  2  3  4  5 |
---------------+----------------+-----
Fighting       | 4 |  4.2
Stealth        | 1 |  1.3
Short Blades   | 1 |  1.2
Polearms       | 1 |  1.9
Evocations     | 1 |  1.2
Throwing       | 1 |  1.1
Ranged Weapons | 1 |  1.3
Spellcasting   | 1 |  1.0
Long Blades    | |  3.6
Dodging        | |  2.6
Shields        | |  0.3
Translocations | |  0.5
Fire Magic     | |  0.5

Action                     |  1- 3 |  4- 6 || total
---------------------------+-------+-------++-------
  Melee: Falchion          |    48 |       ||    48
         Tailslap          |     7 |     5 ||    12
         Trident           |    17 |    70 ||    87
   Fire: Sling             |     8 |       ||     8
  Throw: Boomerang         |    21 |    13 ||    34
  Evoke: Piece from Xom's  |     2 |     3 ||     5
    Use: Scroll            |     8 |     1 ||     9
   Stab: Sleeping          |     2 |       ||     2
         Paralysed         |     1 |       ||     1
 Armour: Skin              |    20 |    32 ||    52
  Dodge: Dodged            |    41 |    59 ||   100
  Block: Other             |     2 |    24 ||    26
